General information
- name: BNet
- type: Ladder team game (AT/RT)
- host: Battle.net
- saver: GayTiMe.WeRRa
map: TwistedMeadows
- players: 4
- length: 14:28
- speed: Fast
- version: 1.24 W3XP
- replay type: Public
» download(86 KB)
Players
team 1 (winner)
lucasbot (
purple | 68 APM | 985 actions | 14:28)
4 Blademaster
2 Wind Walk
2 Critical Strike
4 Naga Sea Witch
2 Frost Arrows
2 Forked Lightning
1 Shadow Hunter
1 Hex
» actions
| Assign group hotkey | 13 | |
| Build / train | 64 | |
| Enter build submenu | 14 | |
| Enter hero's abilities submenu | 9 | |
| Give item / drop item | 5 | |
| Right click | 512 | |
| Select / deselect | 181 | |
| Select group hotkey | 127 | |
| Use ability | 60 | |
985 total
» units
» upgrades
» buildings
| Altar of Storms | 1 | |
| Orc Burrow | 5 | |
| Voodoo Lounge | 1 | |
| Barracks | 1 | |
| Stronghold | 1 | |
| Beastiary | 2 | |
| Fortress | 1 | |
| War Mill | 1 | |
| Great Hall | 1 | |
14 total
» build order
00:06 Altar of Storms
00:14 Orc Burrow
00:34 Voodoo Lounge
01:29 Barracks
01:46 Orc Burrow
03:38 Stronghold
04:38 Orc Burrow
06:05 Beastiary
06:06 Beastiary
07:44 Orc Burrow
07:56 Orc Burrow
09:09 Fortress
10:55 War Mill
11:16 Great Hall
» items
| Healing Salve | 5 | |
| Lesser Clarity Potion | 5 | |
| Scroll of Speed | 2 | |
| Circlet of Nobility | 4 | |
| Boots of Speed | 1 | |
17 total
M_R_I_N_E (
red | 67 APM | 971 actions | 14:28)
4 Demon Hunter
3 Mana Burn
1 Evasion
» actions
| Assign group hotkey | 24 | |
| Basic commands | 9 | |
| Build / train | 44 | |
| Enter build submenu | 12 | |
| Enter hero's abilities submenu | 4 | |
| Remove unit from queue | 1 | |
| Right click | 567 | |
| Select / deselect | 187 | |
| Select group hotkey | 71 | |
| Use ability | 52 | |
971 total
» units
| Wisp | 22 | |
| Archer | 3 | |
| Huntress | 4 | |
| Forest Troll Shadow Priest | 2 | |
| Forest Troll Berserker | 2 | |
33 total
» buildings
| Altar of Elders | 1 | |
| Moon Well | 4 | |
| Ancient of War | 2 | |
| Hunter's Hall | 1 | |
| Tree of Ages | 1 | |
| Ancient of Wonders | 2 | |
| Ancient of Lore | 1 | |
| Tree of Eternity | 1 | |
13 total
» build order
00:08 Altar of Elders
00:22 Moon Well
01:24 Moon Well
01:30 Ancient of War
01:54 Ancient of War
03:11 Hunter's Hall
04:37 Tree of Ages
05:03 Moon Well
05:29 Ancient of Wonders
07:26 Ancient of Wonders
08:57 Moon Well
10:34 Ancient of Lore
10:57 Tree of Eternity
» items
| Lesser Clarity Potion | 1 | |
| Boots of Speed | 1 | |
2 total
team 2 (loser)
CoLeGePaRtYeR17 (
orange | 104 APM | 1508 actions | 14:28)
2 Archmage
1 Summon Water Elemental
1 Brilliance Aura
2 Mountain King
1 Storm Bolt
1 Thunder Clap
» actions
| Assign group hotkey | 28 | |
| Basic commands | 48 | |
| Build / train | 50 | |
| ESC pressed | 2 | |
| Enter build submenu | 15 | |
| Enter hero's abilities submenu | 4 | |
| Right click | 868 | |
| Select / deselect | 348 | |
| Select group hotkey | 98 | |
| Use ability | 47 | |
1508 total
» units
| Peasant | 10 | |
| Footman | 8 | |
| Sorceress | 7 | |
| Priest | 2 | |
| Spell Breaker | 6 | |
33 total
» upgrades
| Lumber Harvesting | 1 | |
| Masonry | 2 | |
3 total
» buildings
| Altar of Kings | 1 | |
| Barracks | 1 | |
| Farm | 7 | |
| Scout Tower | 1 | |
| Keep | 2 | |
| Arcane Tower | 1 | |
| Arcane Vault | 1 | |
| Lumber Mill | 1 | |
| Arcane Sanctum | 2 | |
17 total
» build order
00:04 Altar of Kings
00:09 Barracks
00:18 Farm
00:47 Farm
01:50 Scout Tower
03:17 Keep
03:17 Keep
03:34 Arcane Tower
04:00 Arcane Vault
04:04 Farm
04:06 Lumber Mill
05:43 Arcane Sanctum
06:09 Farm
06:44 Arcane Sanctum
08:02 Farm
09:37 Farm
10:35 Farm
» items
| Scroll of Regeneration | 1 | |
| Potion of Healing | 1 | |
| Scroll of Town Portal | 2 | |
4 total
GayTiMe.WeRRa (
green | 122 APM | 1765 actions | 14:28)
4 Death Knight
2 Death Coil
1 Unholy Aura
1 Death Pact
1 Lich
1 Frost Nova
» actions
| Assign group hotkey | 23 | |
| Basic commands | 76 | |
| Build / train | 46 | |
| Enter build submenu | 12 | |
| Enter hero's abilities submenu | 5 | |
| Right click | 866 | |
| Select / deselect | 374 | |
| Select group hotkey | 284 | |
| Use ability | 79 | |
1765 total
» units
| Acolyte | 2 | |
| Ghoul | 4 | |
| Crypt Fiend | 11 | |
17 total
» upgrades
» buildings
| Crypt | 1 | |
| Graveyard | 1 | |
| Altar of Darkness | 1 | |
| Ziggurat | 4 | |
| Tomb of Relics | 1 | |
| Halls of the Dead | 1 | |
| Black Citadel | 1 | |
| Slaughterhouse | 1 | |
11 total
» build order
00:08 Crypt
00:18 Graveyard
00:45 Altar of Darkness
00:58 Ziggurat
01:24 Tomb of Relics
02:02 Ziggurat
04:39 Halls of the Dead
05:05 Ziggurat
05:26 Ziggurat
09:15 Black Citadel
11:31 Slaughterhouse
» items
| Rod of Necromancy | 5 | |
| Dust of Appearance | 2 | |
| Scroll of Regeneration | 1 | |
| Lesser Clarity Potion | 2 | |
| Scroll of Town Portal | 2 | |
| Potion of Healing | 5 | |
| Potion of Mana | 1 | |
18 total
Chat log
(00:13 / All) GayTiMe.WeRRa: DONT TRY TOO HARD ORC/NE NERDS
(00:20 / All) lucasbot: lol
(00:22 / All) GayTiMe.WeRRa: Probably also hack
(00:28 / All) GayTiMe.WeRRa: whatev
(00:30 / All) GayTiMe.WeRRa: drophack us
(00:31 / All) lucasbot: stop raging
(00:35 / All) GayTiMe.WeRRa: for the tie please
(00:46 / All) lucasbot: we both feel like shit
(00:50 / All) lucasbot: and are too lazy
(00:52 / All) lucasbot: to shittalk
(00:52 / All) GayTiMe.WeRRa: do it
(00:54 / All) lucasbot: so be quite
(00:55 / All) M_R_I_N_E: hangpver x2
(01:01 / All) CoLeGePaRtYeR17: plz end quick my fuck buddyt coming in my dorm soon
(01:02 / All) GayTiMe.WeRRa: I doubt you were out last night
(01:13 / All) GayTiMe.WeRRa: Pimple faced orc/ne nerd
(01:17 / All) lucasbot: lol
(01:56 / All) GayTiMe.WeRRa: micro
(13:38 / All) GayTiMe.WeRRa: try hard alert
(13:52 / All) M_R_I_N_E: GTFO alert